 Dungeon Crawl Stone Soup version 0.31-a0-851-g7ff8af7976 (webtiles) character file.

Game seed: 14354992894788974825

14722 Darius099 the Severer (level 11, -9/102 HPs)
             Began as a Minotaur Fighter on Oct 7, 2023.
             Was a High Priest of Okawaru.
             Mangled by a white ugly thing (32 damage)
             ... on level 11 of the Dungeon.
             The game lasted 00:46:05 (12030 turns).

Darius099 the Severer (Minotaur Fighter)           Turns: 12030, Time: 00:46:05

Health: -9/102     AC: 21    Str: 24    XL:     11   Next: 92%
Magic:  0/13       EV: 14    Int:  5    God:    Okawaru [*****.]
Gold:   1325       SH:  5    Dex: 11    Spells: 10/10 levels left

rFire   + . .        a - +0 war axe
rCold   . . .        c - +0 buckler
rNeg    . . .        I - +6 scale mail "Juozics" {rF+}
rPois   .            (helmet restricted)
rElec   .            (no cloak)
rCorr   .            (no gloves)
SInv    .            C - +1 pair of boots {Stlth+}
Will    .....        A - amulet of guardian spirit
Stlth   +            b - +4 ring of protection
HPRegen 0.37/turn    k - +5 ring of evasion
MPRegen 0.13/turn

%: guardian spirit
@: no status effects
A: horns 2, retaliatory headbutt
a: Renounce Religion, Heroism, Finesse, Duel


You were on level 11 of the Dungeon.
You worshipped Okawaru.
Okawaru was extremely pleased with you.
You visited 3 branches of the dungeon, and saw 13 of its levels.
You also visited: Sewer and Bailey.

You collected 1455 gold pieces.
You spent 130 gold pieces at shops.

Inventory:

Hand Weapons
 a - a +0 war axe (weapon)
 m - a +2 trident of flaming
Missiles
 p - a throwing net
 y - 21 curare-tipped darts
 L - 8 atropa-tipped darts
 N - 3 silver javelins
Armour
 c - a +0 buckler (worn)
 C - a +1 pair of boots of stealth (worn)
 I - the +6 scale mail "Juozics" (worn) {rF+}
   (You found it on level 10 of the Dungeon)

   rF+:       It protects you from fire.
Jewellery
 b - a +4 ring of protection (left hand)
 k - a +5 ring of evasion (right hand)
 n - a ring of protection from cold
 x - a ring of flight
 A - an amulet of guardian spirit (around neck)
 E - a ring of protection from fire
Wands
 M - a wand of roots (4)
Scrolls
 f - 4 scrolls of fear
 g - 5 scrolls of teleportation
 h - a scroll of fog
 o - a scroll of enchant weapon {unknown}
 q - 2 scrolls of enchant armour
 t - a scroll of torment
 w - 2 scrolls of blinking
Potions
 d - a potion of might
 e - 2 potions of degeneration
 i - 3 potions of enlightenment
 j - 2 potions of cancellation
 l - 4 potions of mutation
 r - 2 potions of curing
 s - 3 potions of lignification
 u - a potion of magic {unknown}
 v - a potion of attraction {unknown}
 z - a potion of brilliance
 D - a potion of haste
 F - 2 potions of ambrosia
 K - a potion of berserk rage {unknown}


   Skills:
 - Level 11.2 Fighting
 - Level 16.0 Axes
 - Level 11.2 Armour
 + Level 6.6 Shields
 + Level 4.3 Invocations


You had 10 spell levels left.
You didn't know any spells.
Your spell library contained the following spells:

 Spells                   Type           Power      Damage    Failure   Level
 Kiss of Death            Conj/Necr      0%         2d5       78%         1
 Wereblood                Tmut           0%         N/A       89%         2
 Confusing Touch          Hex            0%         N/A       98%         3
 Ozocubu's Armour         Ice            0%         N/A       98%         3
 Dispel Undead            Necr           0%         3d6       100%        4
 Leda's Liquefaction      Hex/Erth       0%         N/A       100%        4
 Passage of Golubria      Tloc           0%         N/A       100%        4
 Borgnjor's Vile Clutch   Necr/Erth      0%         N/A       100%        5
 Irradiate                Conj/Tmut      0%         3d11      100%        5
 Lee's Rapid Deconstruct  Erth           0%         3d4*      100%        5
 Yara's Violent Unravell  Hex/Tmut       0%         3d3       100%        5
 Bombard                  Conj/Erth      0%         9d1       100%        6
 Eringya's Noxious Bog    Tmut/Pois      0%         4d6       100%        6
 Ozocubu's Refrigeration  Ice            0%         4d7       100%        7
 Tukima's Dance           Hex            Unusable   N/A       N/A         3
 Animate Dead             Necr           Unusable   N/A       N/A         4
 Summon Forest            Summ/Tloc      Unusable   N/A       N/A         5
 Death Channel            Necr           Unusable   N/A       N/A         6
 Summon Hydra             Summ           Unusable   N/A       N/A         7

Dungeon Overview and Level Annotations

Branches:
Dungeon (11/15)            Temple (1/1) D:4            Lair (1/5) D:8
  Sewer (visited)          Bailey (visited)
    Orc: D:9-12

Altars:
Ashenzari
Cheibriados
Dithmenos
Elyvilon
Fedhas
Gozag
Hepliaklqana
Kikubaaqudgha
Makhleb
Nemelex Xobeh
Okawaru
Qazlal
Ru
Sif Muna
Trog
Uskayaw
Vehumet
Wu Jian
Xom
Yredelemnul
Zin
The Shining One

Shops:
D:1 *   D:3 (


Innate Abilities, Weirdness & Mutations

You have a pair of horns on your head.
You reflexively headbutt those who attack you in melee.


Message History

You slash the boulder beetle!
Your headbutt misses the boulder beetle.
The boulder beetle is almost dead.
The boulder beetle barely misses you.
You hit the boulder beetle but do no damage.
You headbutt the boulder beetle.
The boulder beetle is almost dead.
You slash the boulder beetle!
You kill the boulder beetle!
Okawaru is honoured by your kill.
You see here a boulder beetle corpse.
You start resting.
HP restored.
Found a stone staircase leading down.
Found a pair of boots.
You see here a +0 pair of boots.
A white ugly thing comes into view.
Found 14 gold pieces.
Unknown command.
You closely miss the white ugly thing.
You headbutt the white ugly thing, but do no damage.
You slash the white ugly thing!
The white ugly thing is lightly wounded.
The white ugly thing tail-slaps you! The white ugly thing freezes you!!
You hit the white ugly thing.
Your headbutt misses the white ugly thing.
The white ugly thing is lightly wounded.
The white ugly thing tail-slaps you! The white ugly thing freezes you!!
You slash the white ugly thing!
The white ugly thing is heavily wounded.
The white ugly thing misses you. You furiously retaliate!
You headbutt the white ugly thing! You hit the white ugly thing.
The white ugly thing is severely wounded.
You hit the white ugly thing.
The white ugly thing is severely wounded.
The white ugly thing tail-slaps you!
* * * LOW HITPOINT WARNING * * *
The white ugly thing freezes you!!
You die...

#.### #.# #.# # #.#
.# #.# .# #.#
###.## #.#
####....## #.#
#........# #.#
#[##@u$.##
#.######.##.#......
#...........# .####
########.#### #
#... #####


You could see a white ugly thing.

Vanquished Creatures
  An ogre mage (D:10)
  A boulder beetle (D:11)
  Pikel (D:5)
  An orc knight (Bailey)
  A cyclops (D:9)
  2 kobold demonologists (D:10)
  3 hornets (D:10)
  2 trolls
  A polar bear (D:8)
  A shadow (D:10)
  Sigmund (D:5)
  2 wraiths (D:10)
  18 yaks
  2 steam dragons
  6 vampire mosquitoes
  2 acid dragons
  A water moccasin (D:7)
  A floating eye (D:10)
  7 orc warriors
  A sky beast (D:8)
  4 ice beasts
  4 black bears
  A wolf (D:9)
  6 ogres
  5 centaurs
  2 lemures (D:5)
  A phantom (D:5)
  8 kobold brigands
  5 bullfrogs
  3 scorpions
  7 wights
  16 killer bees
  6 howler monkeys
  4 hounds
  3 orc priests
  A gnoll bouda (D:5)
  2 jellies
  3 iguanas
  2 sleepcaps
  Natasha (thrice) (D:3)
  4 orc wizards
  10 adders
  5 gnolls
  4 river rats
  2 shadow imps
  8 white imps
  A howler monkey simulacrum (D:9)
  A worm (D:2)
  The ghost of Kurtz the Sneak, a weakling NaDe (D:4)
  4 dart slugs
  26 orcs
  7 ball pythons
  9 endoplasms
  2 giant cockroaches
  9 goblins
  13 hobgoblins
  8 jackals
  27 kobolds
  3 quokkas
  4 bats
  17 frilled lizards
  12 rats
318 creatures vanquished.

Vanquished Creatures (others)
  3 orcs (D:8)
3 creatures vanquished.

Grand Total: 321 creatures vanquished

Notes
Turn   | Place    | Note
-------+----------+-------------------------------------------
     0 | D:1      | Darius099 the Minotaur Fighter began the quest for the Orb.
     0 | D:1      | Reached XP level 1. HP: 19/19 MP: 0/0
    21 | D:1      | Reached skill level 3 in Axes
    22 | D:1      | Reached XP level 2. HP: 21/26 MP: 1/1
   128 | D:1      | Found Dofuapex's Assorted Antiques.
   148 | D:1      | Reached skill level 4 in Axes
   186 | D:1      | Found a faded altar of an unknown god.
   234 | D:1      | Reached XP level 3. HP: 31/31 MP: 2/2
   695 | D:2      | Reached skill level 5 in Axes
   981 | D:2      | Reached XP level 4. HP: 32/39 MP: 3/3
  1403 | D:3      | Reached skill level 6 in Axes
  1690 | D:3      | Noticed Natasha
  1700 | D:3      | Killed Natasha
  1701 | D:3      | Reached XP level 5. HP: 41/45 MP: 4/4
  1765 | D:3      | Noticed Natasha
  1776 | D:3      | Killed Natasha
  1777 | D:3      | Reached skill level 7 in Axes
  1917 | D:3      | Found Qeib's Antique Weapon Shoppe.
  1952 | D:3      | Noticed Natasha
  1960 | D:3      | Killed Natasha
  2255 | D:4      | Noticed a black bear
  2262 | D:4      | Killed a black bear
  2263 | D:4      | Reached skill level 8 in Axes
  2263 | D:4      | Reached XP level 6. HP: 48/51 MP: 5/5
  2420 | D:4      | Found a glowing drain.
  2440 | Sewer    | Entered a sewer
  2949 | D:4      | Found a staircase to the Ecumenical Temple.
  2969 | Temple   | Entered the Ecumenical Temple
  3117 | D:4      | Found a transporter.
  3118 | D:4      | Found a transporter.
  3118 | D:4      | Noticed Kurtz's ghost (weakling NaDe)
  3451 | D:4      | Reached skill level 9 in Axes
  3451 | D:4      | Reached XP level 7. HP: 36/57 MP: 6/6
  3455 | D:4      | Killed Kurtz's ghost
  3849 | D:5      | Entered Level 5 of the Dungeon
  3937 | D:5      | Reached skill level 10 in Axes
  4064 | D:5      | Noticed Sigmund
  4127 | D:5      | Killed Sigmund
  4128 | D:5      | Reached skill level 11 in Axes
  4266 | D:5      | Reached XP level 8. HP: 64/64 MP: 7/7
  4288 | D:5      | Noticed a +0 dagger
  4288 | D:5      | Noticed a +0 spear
  4289 | D:5      | Noticed a +0 spear
  4289 | D:5      | Noticed a +0 falchion
  4289 | D:5      | Noticed a +0 falchion
  4290 | D:5      | Noticed a +0 dagger
  4291 | D:5      | Noticed a +0 short sword
  4292 | D:5      | Noticed a +0 short sword
  4313 | D:5      | Found a hide-covered altar of Uskayaw.
  4315 | D:5      | Noticed Pikel
  4338 | D:5      | Killed Pikel
  4339 | D:5      | Reached skill level 12 in Axes
  4479 | D:5      | Reached skill level 13 in Axes
  4720 | D:5      | Found a glowing silver altar of Zin.
  4720 | D:5      | Found a burning altar of Makhleb.
  4726 | D:5      | Found a shadowy altar of Dithmenos.
  4728 | D:5      | Found an iron altar of Okawaru.
  4729 | D:5      | Found a bloodstained altar of Trog.
  4737 | D:5      | Became a worshipper of Warmaster Okawaru
  4930 | D:5      | Reached skill level 14 in Axes
  4930 | D:5      | Reached XP level 9. HP: 70/70 MP: 8/8
  5255 | D:6      | Reached * piety under Okawaru
  5264 | D:6      | Reached skill level 15 in Axes
  5291 | D:6      | Found a sparkling altar of Nemelex Xobeh.
  6163 | D:7      | Reached skill level 16 in Axes
  6326 | D:7      | Reached ** piety under Okawaru
  6764 | D:8      | Reached skill level 5 in Fighting
  6764 | D:8      | Reached skill level 5 in Armour
  6839 | D:8      | Reached XP level 10. HP: 75/81 MP: 9/9
  7104 | D:8      | Found a snail-covered altar of Cheibriados.
  7136 | D:8      | Found a staircase to the Lair.
  7374 | D:8      | Reached *** piety under Okawaru
  8433 | D:8      | Reached **** piety under Okawaru
  8496 | D:9      | Noticed a cyclops
  8504 | D:9      | Killed a cyclops
  9392 | D:10     | Entered Level 10 of the Dungeon
  9406 | D:10     | Reached XP level 11. HP: 92/97 MP: 10/10
  9513 | D:10     | Found a flagged portal.
  9532 | D:10     | Identified the +6 scale mail "Juozics" {rF+}
  9573 | D:10     | Reached ***** piety under Okawaru
  9602 | D:10     | Reached skill level 10 in Fighting
  9602 | D:10     | Reached skill level 10 in Armour
  9712 | Bailey   | Entered a bailey
 10003 | Bailey   | Noticed an orc knight
 10017 | Bailey   | Killed an orc knight
 10023 | Bailey   | Found an iron altar of Okawaru.
 10212 | D:10     | Paralysed by a floating eye for 3 turns
 10223 | D:10     | Paralysed by a hornet for 2 turns
 10230 | D:10     | Paralysed by a hornet for 3 turns
 10237 | D:10     | Reached skill level 1 in Invocations
 10393 | D:10     | Noticed an ogre mage
 10396 | D:10     | Paralysed by an ogre mage for 3 turns
 10409 | D:10     | Received a gift from Okawaru
 10415 | D:10     | Killed an ogre mage
 10416 | D:10     | Reached skill level 5 in Shields
 10843 | D:10     | Identified a scroll of acquirement
 10843 | D:10     | Acquired 992 gold pieces
 11139 | D:1      | Bought an agate ring for 130 gold pieces
 11283 | Lair:1   | Entered Level 1 of the Lair of Beasts
 11898 | D:11     | Noticed a boulder beetle
 11944 | D:11     | Killed a boulder beetle
 12022 | D:11     | Noticed a white ugly thing
 12030 | D:11     | Mangled by a white ugly thing

Illustrated notes

Levels and vault maps discovered:
D:1:      wheals_arrival_shading, layout_rooms,
          dreamdust_ecumenical_altar_sealed_demon, serial_shops, shop
D:2:      layout_loops_corners
D:3:      layout_basic, serial_shops, nicolae_lakefront_shop, uniq_natasha
D:4:      layout_basic, minmay_temple_entry_tees, portal_sewer_entry_a,
          gammafunk_ghost_smash
D:5:      layout_basic, nicolae_uskayaw_en_pointe,
          chequers_temple_overflow_minitemple, uniq_pikel, uniq_sigmund
D:6:      layout_loops_ring, mainiacjoe_overflow_alcove_1, minmay_lizard_king
D:7:      minmay_angry_zag, layout_rooms, minmay_misc_feat_diagonals
D:8:      layout_basic, nicolae_overflow_hidden_temple, lair_entry_dummy,
          patterned_corridor
D:9:      layout_long_grid, serial_ice, serial_ice_o, serial_ice_c,
          serial_ice_a, serial_ice_d, roderic_serpentine_path
D:10:     hellmonk_paralyzer, layout_rooms, enter_bailey_5
D:11:     layout_loops_corners
Temple:   dpeg_chambers_temple
Lair:1:   hellmonk_destroyed_diamonds, layout_misc_corridors,
          gammafunk_ghost_split

Skill      XL: |  1  2  3  4  5  6  7  8  9 10 11 |
---------------+----------------------------------+-----
Axes           | 3 4 5 6 8 9 11 14 16 | 16.0
Fighting       | 5 9 11 | 11.2
Armour         | 5 9 11 | 11.2
Shields        | 6 |  6.6
Invocations    | 4 |  4.3

Action                     |  1- 3 |  4- 6 |  7- 9 | 10-12 || total
---------------------------+-------+-------+-------+-------++-------
  Melee: War axe           |   112 |   157 |   238 |   430 ||   937
         Headbutt          |    14 |    23 |    49 |    91 ||   177
         Trident           |       |       |    14 |       ||    14
 Invoke: Heroism           |       |       |       |     2 ||     2
         Finesse           |       |       |       |     2 ||     2
    Use: Potion            |       |       |     4 |     1 ||     5
         Scroll            |       |       |     7 |    12 ||    19
 Armour: Scale mail        |    26 |       |       |   107 ||   133
         Chain mail        |    47 |   130 |   138 |       ||   315
         Skin              |       |       |    16 |       ||    16
         Plate armour      |       |       |       |   187 ||   187
  Dodge: Dodged            |    41 |    76 |   108 |   259 ||   484
  Block: Buckler           |    20 |    40 |    39 |    84 ||   183

Table legend: (Time is in decaauts)
 A = Elapsed time spent in this place.
 B = Non-inter-level travel time spent in this place.
 C = Inter-level travel time spent in this place.
 D = Time resting spent in this place.
 E = Time spent auto-exploring this place.
 F = Levels seen in this place.
 G = Mean time per level.
                   A        B        C        D        E       F      G
               +--------+--------+--------+--------+--------+-----+--------+
         Total |  12020 |  11484 |    536 |   2554 |   4580 |  15 |  801.3 |
       Dungeon |  11018 |  10483 |    535 |   2318 |   4356 |  11 | 1001.6 |
        Temple |    111 |    111 |      0 |      0 |      0 |   1 |  111.0 |
          Lair |      1 |      1 |      0 |      0 |      0 |   1 |    1.0 |
         Sewer |    508 |    508 |      0 |     68 |    223 |   1 |  508.0 |
        Bailey |    379 |    379 |      0 |    168 |      0 |   1 |  379.0 |
               +--------+--------+--------+--------+--------+-----+--------+

Top non-repeatable levels by time:
     D:8: 1746 daAuts
    D:10: 1193 daAuts
     D:9: 1172 daAuts
     D:4: 1104 daAuts
     D:5: 1097 daAuts
     D:2: 938 daAuts
     D:6: 934 daAuts
     D:3: 876 daAuts
     D:7: 786 daAuts
    D:11: 612 daAuts
     D:1: 554 daAuts
   Sewer: 508 daAuts
  Bailey: 379 daAuts
  Temple: 111 daAuts
  Lair:1: 1 daAuts
